 Dungeon Crawl Stone Soup version 0.29.0-10-g45618ea6d2 (webtiles) character file.

Game seed: 13674354723936169241

1598 Flugkiller the Cleaver (level 8, -2/73 HPs)
             Began as a Minotaur Fighter on Sept 1, 2022.
             Was a Believer of Uskayaw.
             Succumbed to a water moccasin's poison
             ... on level 6 of the Dungeon.
             The game lasted 00:02:32 (4589 turns).

Flugkiller the Cleaver (Minotaur Fighter)           Turns: 4589, Time: 00:02:32

Health: -2/73      AC:  9    Str: 20      XL:     8   Next: 62%
Magic:  10/10      EV:  9    Int:  3 (5)  God:    Uskayaw [**....]
Gold:   465        SH:  5    Dex: 13      Spells: 7/7 levels left

rFire   . . .      SeeInvis .   k - +2 war axe (flame)
rCold   . . .      Faith    .   c - +0 buckler
rNeg    . . .      Spirit   .   b - +0 scale mail
rPois   .          Reflect  .   (helmet restricted)
rElec   .          Harm     .   f - +0 cloak
rCorr   .          Rampage  .   (no gloves)
Will    .....                   (no boots)
Stlth   ..........              (no amulet)
HPRegen 0.22/turn               i - ring of flight
MPRegen 0.12/turn               (no ring)

@: brilliant, lethally poisoned (-2 -> -29), flying
A: horns 2, retaliatory headbutt
a: Renounce Religion, Stomp, Line Pass


You were on level 6 of the Dungeon.
You worshipped Uskayaw.
Uskayaw was noncommittal.
You visited 1 branch of the dungeon, and saw 6 of its levels.

You collected 465 gold pieces.

Inventory:

Hand Weapons
 a - a +0 war axe
 k - a +2 war axe of flaming (weapon)
   (You found it on level 2 of the Dungeon)
Missiles
 t - 3 boomerangs (quivered)
Armour
 b - a +0 scale mail (worn)
 c - a +0 buckler (worn)
 f - a +0 cloak (worn)
   (You found it on level 6 of the Dungeon)
Jewellery
 i - a ring of flight (left hand)
   (You found it on level 6 of the Dungeon)
Scrolls
 m - a scroll of brand weapon
 o - a scroll of poison
 p - 2 scrolls of enchant armour
Potions
 d - 4 potions of might
 e - a potion of flight
 g - a potion of berserk rage {unknown}
 h - a potion of lignification
 u - a potion of haste {unknown}
 v - a potion of cancellation {unknown}


   Skills:
 + Level 7.0 Fighting
 * Level 8.9 Axes
 + Level 7.0 Armour
 - Level 3.6 Shields
 + Level 4.0 Invocations


You had 7 spell levels left.
You didn't know any spells.
Your spell library was empty.

Dungeon Overview and Level Annotations

Branches:
Dungeon (6/15)
 Temple: D:4-7

Altars:
Fedhas
Trog
Uskayaw


Innate Abilities, Weirdness & Mutations

You have a pair of horns on your head.
You reflexively headbutt those who attack you in melee.


Message History

Your Armour skill increases to level 7!
Your Invocations skill increases to level 4!
No target in view!
No target in view!
Found a wooden ring.
Found 10 gold pieces.
You can no longer pass through a line of other dancers.
You see here a +0 cloak.
f - a +0 cloak Magic restored.
You start putting on your armour.
You continue putting on your +0 cloak. x4
You finish putting on your +0 cloak.
Found a sling.
g - a glowing red potion
i - a ring of flight
Okay, then.
You fly up into the air.
i - a ring of flight (left hand) Unknown command.
There is a shaft here.
You now have 465 gold pieces (gained 10).
Found a stone staircase leading down.
A water moccasin comes into view.
Found 9 gold pieces.
Found an escape hatch in the floor.
The water moccasin hisses angrily.
A water moccasin is nearby!
A water moccasin is nearby!
An adder comes into view.
Found 20 gold pieces.
The adder hisses angrily.
The water moccasin bites you but does no damage.
You hit the water moccasin but do no damage.
Your headbutt misses the water moccasin.
The water moccasin closely misses you. You block the water moccasin's attack.
You closely miss the water moccasin. The water moccasin bites you.
You are poisoned.
The water moccasin poisons you!
You hit the water moccasin. You burn the water moccasin.
The water moccasin is lightly wounded.
You feel very sick.
The water moccasin bites you but does no damage.
The water moccasin bites you.
You closely miss the water moccasin.
The water moccasin is lightly wounded.
You miss the adder.
You feel very sick. The water moccasin bites you.
You are more poisoned.
The water moccasin poisons you! You block the adder's attack.
You barely miss the water moccasin.
You headbutt the water moccasin, but do no damage.
The water moccasin is lightly wounded.
You slash the adder! You burn the adder.
You kill the adder!
You feel very sick. The water moccasin closely misses you.
The water moccasin bites you.
You can now pass through a line of other dancers.
You miss the water moccasin.
The water moccasin is lightly wounded.
You feel very sick. You block the water moccasin's attack.
You hit the water moccasin but do no damage.
The water moccasin is lightly wounded.
You feel very sick. The water moccasin bites you.
You are more poisoned.
The water moccasin poisons you! The water moccasin closely misses you.
You hit the water moccasin. You burn the water moccasin.
You headbutt the water moccasin!
The water moccasin is severely wounded.
You feel extremely sick. The water moccasin bites you.
You are lethally poisoned!
The water moccasin poisons you! The water moccasin barely misses you.
There is a lethal amount of poison in your body!
You are too injured to fight recklessly!
You are too injured to fight recklessly!
You miss the water moccasin.
Your headbutt misses the water moccasin.
The water moccasin is severely wounded.
* * * LOW HITPOINT WARNING * * *
You feel extremely sick. The water moccasin misses you.
You barely miss the water moccasin.
The water moccasin is severely wounded.
* * * LOW HITPOINT WARNING * * *
You feel very sick. You block the water moccasin's attack.
The water moccasin bites you.
* * * LOW HITPOINT WARNING * * *
You are more poisoned.
The water moccasin poisons you!
It was a potion of brilliance.
You feel clever all of a sudden.
* * * LOW HITPOINT WARNING * * *
You feel extremely sick. You block the water moccasin's attack.
You hit the water moccasin but do no damage.
You headbutt the water moccasin!
You kill the water moccasin!
You die...

..............
............. .
.....#........... #.
#>...............
##.#...>............
...................
#....††..........######
#..$@....)..........#
..$.###.##....##........
. ...##..####...........
.......................
....##........^.###....
... ##..#####...##.... $
##.# ##>...<.#. #..
#.#...... ##.. #.#.####.


There were no monsters in sight!

Vanquished Creatures
  Pikel (D:4)
  Grinder (D:5)
  A water moccasin (D:6)
  A black bear (D:5)
  A centaur (D:5)
  A lemure (D:4)
  Blork the orc (D:5)
  A necrophage (D:4)
  2 scorpions
  A hound (D:5)
  Jessica (D:2)
  2 iguanas
  Ijyb (D:5)
  5 orc wizards
  7 adders
  7 gnolls
  A white imp (D:6)
  An ufetubus (D:5)
  A worm (D:2)
  A dart slug (D:1)
  11 orcs
  6 endoplasms
  A giant cockroach (D:3)
  13 goblins
  5 hobgoblins
  4 jackals (D:2)
  3 quokkas
  5 ball pythons
  3 bats
  4 frilled lizards
  A kobold (D:4)
  5 rats
99 creatures vanquished.

Vanquished Creatures (others)
  5 fungi (D:4)
5 creatures vanquished.

Grand Total: 104 creatures vanquished

Notes
Turn   | Place    | Note
-------+----------+-------------------------------------------
     0 | D:1      | Flugkiller the Minotaur Fighter began the quest for the
                  | Orb.
     0 | D:1      | Reached XP level 1. HP: 19/19 MP: 0/0
   169 | D:1      | Noticed a shining eye
   170 | D:1      | Found a faded altar of an unknown god.
   174 | D:1      | Noticed a great orb of eyes
   174 | D:1      | Noticed a shining eye
   174 | D:1      | Noticed a shining eye
   184 | D:1      | Reached skill level 3 in Axes
   184 | D:1      | Reached XP level 2. HP: 27/27 MP: 1/1
   186 | D:1      | Prayed at the altar of an unknown god.
   186 | D:1      | Became a worshipper of Uskayaw the Reveller
   186 | D:1      | Reached * piety under Uskayaw
   547 | D:2      | Noticed Jessica
   551 | D:2      | Killed Jessica
   551 | D:2      | Reached ** piety under Uskayaw
   552 | D:2      | Reached XP level 3. HP: 33/33 MP: 2/2
   699 | D:2      | Reached skill level 4 in Axes
   700 | D:2      | Reached *** piety under Uskayaw
   701 | D:2      | Reached XP level 4. HP: 23/40 MP: 3/3
  1443 | D:3      | Reached XP level 5. HP: 31/47 MP: 4/4
  1774 | D:3      | Reached skill level 5 in Axes
  2228 | D:4      | Found a bloodstained altar of Trog.
  2472 | D:4      | Reached skill level 5 in Armour
  2520 | D:4      | Noticed Pikel
  2520 | D:4      | Noticed a lemure
  2520 | D:4      | Noticed a lemure
  2520 | D:4      | Noticed a lemure
  2525 | D:4      | Killed a lemure
  2526 | D:4      | Reached **** piety under Uskayaw
  2529 | D:4      | Killed Pikel
  2530 | D:4      | Reached skill level 5 in Fighting
  2530 | D:4      | Reached skill level 7 in Axes
  2530 | D:4      | Reached XP level 6. HP: 35/57 MP: 4/6
  2530 | D:4      | Reached XP level 7. HP: 38/62 MP: 4/7
  3035 | D:4      | Found a blossoming altar of Fedhas.
  3139 | D:5      | Entered Level 5 of the Dungeon
  3150 | D:5      | Noticed Blork the orc
  3163 | D:5      | Reached ***** piety under Uskayaw
  3167 | D:5      | Killed Blork the orc
  3168 | D:5      | Reached XP level 8. HP: 16/70 MP: 9/9
  3189 | D:5      | HP: 5/105 [gnoll/+0 spear (3)]
  3649 | D:5      | Noticed Ijyb
  3656 | D:5      | Reached skill level 8 in Axes
  3658 | D:5      | Killed Ijyb
  3874 | D:5      | Noticed Grinder
  3878 | D:5      | Killed Grinder
  4588 | D:6      | HP: 3/73 [poisoned by a water moccasin]
  4589 | D:6      | Succumbed to a water moccasin's poison

Illustrated notes

Levels and vault maps discovered:
D:1:      eino_arrival_druids_welcome, layout_basic,
          hellmonk_ecumenical_altar_watching_god
D:2:      layout_basic, corexii_leaking_fountain, uniq_jessica
D:3:      layout_rooms, chequers_serial_rivers_marsh,
          amcnicky_mini_rare_corridor_liquid, minmay_starry_boxes
D:4:      layout_loops_ring, fedhas_altar_4, mainiacjoe_overflow_chevrons,
          grunt_ministairs_6, uniq_pikel
D:5:      layout_basic, uniq_blork_the_orc, uniq_ijyb, uniq_grinder
D:6:      layout_rooms, uniq_crazy_yiuf_cottage, uniq_eustachio

Skill      XL: |  1  2  3  4  5  6  7  8 |
---------------+-------------------------+-----
Axes           | 3 4 7 8 |  8.9
Fighting       | 4 5 6 7 |  7.0
Armour         | 4 5 6 7 |  7.0
Invocations    | 2 3 4 |  4.0
Shields        | |  3.6

Action                   |  1- 3 |  4- 6 |  7- 9 || total
-------------------------+-------+-------+-------++-------
Melee: War axe           |    39 |    91 |    68 ||   198
       Headbutt          |     5 |    12 |    16 ||    33
Throw: Boomerang         |       |       |     7 ||     7
  Use: Scroll            |       |     1 |     8 ||     9
       Potion            |       |       |     5 ||     5
 Stab: Paralysed         |       |     4 |     3 ||     7
Armor: Scale mail        |    24 |    44 |    21 ||    89
       Skin              |       |       |    24 ||    24
Dodge: Dodged            |    24 |    32 |    32 ||    88
Block: Buckler           |    14 |    12 |    21 ||    47
